 Dungeon Crawl Stone Soup version 0.30-b1-2-g02819fbbbe (webtiles) character file.

Game seed: 6864725420208569965

9201 Hedron the Basher (level 11, -6/129 HPs)
             Began as an Armataur Fighter on Nov 11, 2023.
             Was a Priest of Trog.
             Mangled by an orc warrior
             ... wielding a +0 halberd
              (16 damage)
             ... in a bailey.
             The game lasted 00:26:36 (11733 turns).

Hedron the Basher (Armataur Fighter)               Turns: 11733, Time: 00:26:36

Health: -6/129     AC: 18    Str: 26    XL:     11   Next: 19%
Magic:  11/11      EV:  6    Int:  8    God:    Trog [***...]
Gold:   85         SH:  4    Dex:  8    Spells: 10/10 levels left

rFire   . . .        w - +1 hand axe (venom)
rCold   . . .        c - +0 buckler
rNeg    . . .        l - +0 chain mail
rPois   .            (no helmet)
rElec   .            D - +2 cloak
rCorr   .            z - +2 pair of gloves
SInv    .            (no barding)
Will    ++...        b - amulet of magic regeneration Stlth
                     A - +4 ring of protection
HPRegen 1.41/turn    (no ring)
MPRegen 0.52/turn

%: roll
@: berserking, strong-willed, regenerating, very quick
A: large, rugged brown scales 3, deformed body, armoured tail, roll, long
tongue, awkward tongue, clumsy 1
a: Renounce Religion, Berserk, Trog's Hand


You were in a bailey.
You worshipped Trog.
Trog was most pleased with you.
You visited 2 branches of the dungeon, and saw 10 of its levels.
You also visited: Bailey.

You collected 442 gold pieces.
You spent 357 gold pieces at shops.

Inventory:

Hand Weapons
 a - a +1 flail
 g - a +1 bardiche of venom
 w - a +1 hand axe of venom (weapon)
 B - a +2 vampiric whip
Missiles
 h - a curare-tipped dart (quivered)
 r - a throwing net
 E - 4 poisoned darts
Armour
 c - a +0 buckler (worn)
 l - a +0 chain mail (worn)
 z - a +2 pair of gloves (worn)
 D - a +2 cloak (worn)
Jewellery
 b - an amulet of magic regeneration (around neck)
 A - a +4 ring of protection (left hand)
Wands
 u - a wand of digging (5)
 C - a wand of flame (20)
Scrolls
 f - 3 scrolls of magic mapping
 n - 5 scrolls of teleportation
 q - a scroll of silence
 s - 2 scrolls of poison
 v - 2 scrolls of blinking
 x - a scroll of fog
 y - 4 scrolls of identify
Potions
 d - a potion of might
 e - 3 potions of mutation
 i - 2 potions of cancellation
 j - 3 potions of lignification
 k - 2 potions of curing
 m - 2 potions of berserk rage
 o - a potion of heal wounds
 t - a potion of attraction
Miscellaneous
 p - a phial of floods


   Skills:
 - Level 2.6 Fighting
 + Level 10.6(12.4) Axes
 - Level 11.4(13.4) Maces & Flails
 - Level 3.6 Armour
 - Level 3.2 Shields


You had 10 spell levels left.
You didn't know any spells.
Your spell library was empty.

Dungeon Overview and Level Annotations

Branches:
Dungeon (9/15)             Temple (0/1) D:4            Lair (1/5) D:8
 Bailey (1/1)
    Orc: D:9-12

Altars:
Cheibriados
Elyvilon
Fedhas
Hepliaklqana
Sif Muna
Trog
Vehumet
Yredelemnul

Shops:
D:2 :   D:8 ?

Annotations:
D:4 3 runed translucent doors, m76s's ghost, weakling GrFi
D:7 2 runed translucent doors, exclusion: statue, discopopstar's ghost, novice DECj
D:8 3 runed translucent doors
Lair:1 Fannar


Innate Abilities, Weirdness & Mutations

You are completely covered in rugged brown scales. (AC +3, +7% HP)
Armour fits poorly on your strangely shaped body.
You have a long armoured tail.
You roll when moving toward enemies. (Rampage)
Your long tongue fully drains potion bottles. (2x potion effects)
Your tongue gives you trouble enunciating. (1.5x scroll delay)
You are clumsy. (Dex -2)


Message History

The orc warrior hits you from afar with a +0 glaive!!
The orc hits you but does no damage.
A red film seems to cover your vision as you go berserk!
You feel yourself moving faster!
You feel mighty!
The orc knight hits you from afar with a +4 glaive.
The orc warrior hits you from afar with a +0 glaive!
The orc hits you from afar with a +0 spear!
You are too injured to fight recklessly!
You are too injured to fight recklessly!
You roll towards the orc knight!
You hit the orc knight.
The orc knight is poisoned.
Your tail-slap misses the orc knight.
The orc knight is lightly wounded.
You hit the orc warrior.
The orc warrior is poisoned.
You slash the orc!
You kill the orc!
Trog accepts your kill.
You slash the orc knight!
The orc knight looks as sick as possible!
The orc knight is lightly wounded.
You slash the orc warrior!
The orc warrior looks as sick as possible!
The orc knight hits you with a +4 glaive!
The orc warrior hits you with a +0 glaive!
* * * LOW HITPOINT WARNING * * *
The orc warrior hits you from afar with a +0 halberd!
* * * LOW HITPOINT WARNING * * *
You are too berserk!
You are too berserk!
You hit the orc knight.
Your tail-slap misses the orc knight.
The orc knight is moderately wounded.
You hit the orc warrior. You hit the orc knight.
The orc knight looks as sick as possible!
The orc knight is moderately wounded.
You slash the orc warrior!
The orc warrior looks as sick as possible!
You block the orc knight's attack.
The orc warrior hits you with a +0 glaive!
* * * LOW HITPOINT WARNING * * *
The orc warrior hits you from afar with a +0 halberd!
You die...

..≈##.##≈...............≈##.##≈..
..≈#.....................))..#≈..
..≈##.∩#≈...............≈#∩.##≈..
..≈≈#.##≈....#######....≈##.#≈≈..
...≈≈.≈≈≈....##....##...≈≈≈.≈≈...
.............##.....##...........
.............##'''#..##..........
.........##..##∩.∩##..#..........
.........##.####@####.##.........
.........##.')#)oo#)'.##.........
.........##.###.8o###.##.........
.........##.')#:.!#)'.##.........
.........##.#########.##.........
..........#..##)#)##..#..........
..........##..#'#'#..##..........
...........##.......##...........
...≈≈.≈≈≈...#########...≈≈≈.≈≈...


You could see an orc knight (extremely poisoned) and 2 orc warriors.

Vanquished Creatures
  A two-headed ogre (D:8)
  A black mamba (Lair:1)
  Maurice (D:8)
  3 cane toads
  A torpor snail (Lair:1)
  A kobold demonologist (D:5)
  A komodo dragon (D:8)
  Prince Ribbit (D:5)
  4 wyverns (D:8)
  3 yaks (Lair:1)
  4 humans
  Menkaure (D:4)
  6 water moccasins
  Pargi (D:3)
  8 orc warriors
  3 sky beasts
  An ogre (D:5)
  6 black bears
  A centaur (D:5)
  3 wolves (D:8)
  A phantom (D:3)
  Blork the orc (D:4)
  A bullfrog (Lair:1)
  2 gnoll sergeants
  5 wights
  A jelly (D:5)
  10 howler monkeys
  4 hounds
  3 orc priests
  Crazy Yiuf (D:6)
  2 sleepcaps
  A human skeleton (D:8)
  An orc wizard (D:4)
  16 gnolls
  6 adders
  2 shadow imps (D:5)
  2 white imps
  3 ufetubi
  5 worms
  6 dart slugs
  38 orcs
  6 bats
  6 endoplasms
  2 giant cockroaches
  11 goblins
  7 hobgoblins
  2 jackals (D:4)
  5 quokkas
  5 ball pythons
  5 frilled lizards
  3 kobolds
  9 rats
223 creatures vanquished.

Vanquished Creatures (others)
  2 bushes (D:8)
  A butterfly (D:7)
  10 fungi
  22 plants
35 creatures vanquished.

Grand Total: 258 creatures vanquished

Notes
Turn   | Place    | Note
-------+----------+-------------------------------------------
     0 | D:1      | Hedron the Armataur Fighter began the quest for the Orb.
     0 | D:1      | Reached XP level 1. HP: 19/19 MP: 1/1
    64 | D:1      | Reached skill level 2 in Maces & Flails
   119 | D:1      | Reached XP level 2. HP: 26/26 MP: 2/2
   446 | D:1      | Reached skill level 3 in Maces & Flails
   870 | D:2      | Found a bloodstained altar of Trog.
   875 | D:2      | Became a worshipper of Trog the Wrathful
   923 | D:2      | Reached XP level 3. HP: 27/32 MP: 3/3
  1017 | D:2      | Found Tekuffe's Book Shoppe.
  1250 | D:2      | Reached skill level 4 in Maces & Flails
  1250 | D:2      | Reached XP level 4. HP: 38/39 MP: 4/4
  1947 | D:3      | Reached XP level 5. HP: 36/44 MP: 5/5
  2014 | D:3      | Reached * piety under Trog
  2056 | D:3      | Noticed Pargi
  2071 | D:3      | Killed Pargi
  2072 | D:3      | Reached skill level 5 in Maces & Flails
  2787 | D:4      | Found a runed translucent gate.
  2787 | D:4      | Found a runed translucent gate.
  2787 | D:4      | Found a runed translucent gate.
  2801 | D:4      | Noticed a phantom
  2833 | D:3      | Killed a phantom
  2834 | D:3      | Reached skill level 6 in Maces & Flails
  2834 | D:3      | Reached XP level 6. HP: 47/53 MP: 6/6
  2934 | D:4      | Noticed m76s's ghost (weakling GrFi)
  2948 | D:4      | Found a staircase to the Ecumenical Temple.
  2986 | D:4      | Noticed Menkaure
  3002 | D:4      | Killed Menkaure
  3327 | D:4      | Reached skill level 7 in Maces & Flails
  3365 | D:4      | Reached XP level 7. HP: 52/59 MP: 7/7
  3494 | D:4      | Noticed Blork the orc
  3502 | D:4      | Killed Blork the orc
  3676 | D:5      | Entered Level 5 of the Dungeon
  4110 | D:5      | Reached skill level 8 in Maces & Flails
  4335 | D:5      | Noticed Prince Ribbit
  4344 | D:5      | Killed Prince Ribbit
  4345 | D:5      | Reached skill level 9 in Maces & Flails
  4345 | D:5      | Reached XP level 8. HP: 66/66 MP: 8/8
  4922 | D:5      | Reached ** piety under Trog
  4923 | D:5      | Reached skill level 10 in Maces & Flails
  5461 | D:6      | Noticed a kobold demonologist
  5759 | D:5      | Gained mutation: You are clumsy. (Dex -2) [a neqoxec]
  5762 | D:5      | Killed a kobold demonologist
  5763 | D:5      | Reached skill level 11 in Maces & Flails
  5763 | D:5      | Reached XP level 9. HP: 72/72 MP: 9/9
  5940 | D:6      | Found a shimmering blue altar of Sif Muna.
  6214 | D:6      | Reached skill level 1 in Axes
  6608 | D:6      | Found a runed translucent door.
  6609 | D:6      | Noticed Crazy Yiuf
  6615 | D:6      | Killed Crazy Yiuf
  7168 | D:7      | Found a white marble altar of Elyvilon.
  7189 | D:7      | Found a large runed translucent door.
  7190 | D:7      | Found a large runed translucent door.
  7204 | D:7      | Found a radiant altar of Vehumet.
  7512 | D:7      | Noticed discopopstar's ghost (novice DECj)
  7524 | D:7      | Found a blossoming altar of Fedhas.
  7698 | D:7      | Reached skill level 5 in Axes
  7894 | D:7      | Found a snail-covered altar of Cheibriados.
  8540 | D:8      | Found a runed translucent door.
  8552 | D:8      | Found a basalt altar of Yredelemnul.
  8775 | D:8      | Found Toonug's Magic Scroll Emporium.
  8787 | D:8      | Bought 3 scrolls of enchant armour for 315 gold pieces
  8790 | D:8      | Bought a scroll of teleportation for 42 gold pieces
  8816 | D:8      | Reached XP level 10. HP: 62/79 MP: 10/10
  8878 | D:8      | Noticed a two-headed ogre
  8995 | D:8      | Killed a two-headed ogre
  9104 | D:8      | Found a staircase to the Lair.
  9252 | D:8      | Found a hazy altar of Hepliaklqana.
  9437 | D:8      | Noticed Maurice
  9453 | D:8      | Killed Maurice
  9712 | D:8      | Found a large runed translucent door.
  9713 | D:8      | Found a large runed translucent door.
 10183 | Lair:1   | Entered Level 1 of the Lair of Beasts
 10183 | Lair:1   | Noticed a cane toad
 10192 | D:8      | Killed a cane toad
 10444 | Lair:1   | Noticed a black mamba
 10456 | Lair:1   | Killed a black mamba
 10578 | Lair:1   | Noticed a cane toad
 10586 | Lair:1   | Killed a cane toad
 10701 | Lair:1   | Noticed a torpor snail
 10708 | Lair:1   | Reached skill level 10 in Axes
 10708 | Lair:1   | Reached XP level 11. HP: 66/86 MP: 11/11
 10835 | Lair:1   | Noticed Fannar
 11159 | D:9      | Found a flagged portal.
 11167 | Bailey   | Entered a bailey
 11195 | Bailey   | Reached *** piety under Trog
 11727 | Bailey   | Noticed an orc knight
 11733 | Bailey   | Mangled by an orc warrior

Illustrated notes

Levels and vault maps discovered:
D:1:      lightli_arrival_noodles, layout_basic, serial_aquarium,
          aquarium_bridge_square [aquarium_subvault_window,
          aquarium_subvault_window, aquarium_subvault_window,
          aquarium_subvault_bridge], aquarium_window_1,
          aquarium_window_corridor_1, aquarium_window_fake,
          aquarium_window_fake, aquarium_view_2c, minmay_misc_feat_more_columns
D:2:      layout_loops_ring, serial_shops, shop_statue, basic_altar,
          nrook_mini_vaults
D:3:      layout_basic, serial_curves, eino_curves_02, eino_curves_02,
          hangedman_glass_teeth, uniq_pargi
D:4:      layout_gridville, minmay_temple_entry_overgrown, gammafunk_ghost_icy,
          uniq_menkaure, uniq_blork_the_orc
D:5:      black_bear_nest_1, layout_gridville, dreamdust_princess_corridor,
          uniq_prince_ribbit1
D:6:      layout_loops_ring, mainiacjoe_overflow_small_starburst,
          minmay_ruffians, uniq_crazy_yiuf_cottage
D:7:      layout_layer_cave, mainiacjoe_overflow_surrounded_room,
          vehumet_statue, kennysheep_slug_shrine,
          nicolae_elyvilon_peaceful_grove, ebering_ghost_disaster_area
D:8:      layout_loops_corners, mainiacjoe_overflow_paths,
          dk_yredelemnul_ordeal, jmf_multi_god_temple2, minmay_lair_entry_grove,
          serial_shops, nicolae_square_shop, st_stairs_4, uniq_maurice
D:9:      layout_roguey, lemuel_tele_altar, nicolae_tso_swordbearing_angel,
          mainiacjoe_overflow_divided_tiny, lightli_bailey_entry_fortress
Lair:1:   layout_layer_cave, st_stairs_5, uniq_fannar
Bailey:   bailey_polearm_2, bailey

Skill      XL: |  1  2  3  4  5  6  7  8  9 10 |
---------------+-------------------------------+-----
Maces & Flails | 2 3 4 6 7 9 11 | 11.4
Axes           | 6 10 | 10.6
Fighting       | |  2.6
Armour         | |  3.6
Shields        | |  3.2

Action                     |  1- 3 |  4- 6 |  7- 9 | 10-12 || total
---------------------------+-------+-------+-------+-------++-------
  Melee: Flail             |   101 |   154 |   185 |       ||   440
         Tailslap          |    10 |     9 |    45 |    39 ||   103
         Hand axe          |       |       |   156 |   327 ||   483
  Throw: Dart              |       |       |       |     3 ||     3
 Invoke: Berserk           |       |     3 |    10 |    10 ||    23
         Trog's Hand       |       |       |       |     1 ||     1
    Use: Scroll            |     2 |    13 |    11 |     1 ||    27
         Potion            |       |       |     2 |     3 ||     5
 Armour: Scale mail        |    47 |    49 |       |       ||    96
         Chain mail        |       |    19 |   189 |   154 ||   362
  Dodge: Dodged            |    38 |    39 |    91 |    78 ||   246
  Block: Buckler           |    17 |    22 |    54 |    40 ||   133
